 Dungeon Crawl Stone Soup version 0.23-a0-143-g1adec7b (webtiles) character file.

622 corax the Shooter (level 7, -1/59 HPs)
             Began as a Centaur Hunter on Sept 1, 2018.
             Was an Initiate of Gozag.
             Slain by a sky beast (5 damage)
             ... on level 5 of the Dungeon.
             The game lasted 00:11:41 (4046 turns).

corax the Shooter (Centaur Hunter)                  Turns: 4046, Time: 00:11:42

Health: -1/59      AC:  6    Str: 15    XL:     7   Next: 22%
Magic:  7/7        EV: 10    Int: 10    God:    Gozag
Gold:   386        SH:  3    Dex: 11    Spells: 6/6 levels left

rFire    + . .     SeeInvis .   b - -3 short sword (curse)
rCold    . . .     Gourm    .   (no shield)
rNeg     + . .     Faith    .   c - +0 leather armour
rPois    .         Spirit   .   (no helmet)
rElec    .         Reflect  +   r - +1 cloak
rCorr    .         Harm     .   (no gloves)
MR       .....                  (no barding)
Stlth    +.........             v - +3 amulet of reflection
HPRegen  0.19/turn              l - ring of positive energy
MPRegen  0.10/turn              s - ring of protection from fire

@: very quick
A: large, hooves 3, deformed body, speed 2, tough skin 3
a: Potion Petition, Call Merchant, Bribe Branch, Renounce Religion


You were on level 5 of the Dungeon.
You worshipped Gozag.
Gozag was aware of your devotion.
You were not hungry.

You visited 1 branch of the dungeon, and saw 5 of its levels.

You collected 410 gold pieces.
You paid 24 gold pieces to Gozag.

Inventory:

Hand Weapons
 a - a +1 shortbow
 b - a cursed -3 short sword (weapon)
 w - a +0 hunting sling
Missiles
 d - 17 arrows
 e - 57 bolts
 g - 168 stones
 j - 6 javelins
 o - 25 poisoned needles
 q - 10 tomahawks (quivered)
 A - 31 sling bullets
 D - 6 needles of paralysis
Armour
 c - a +0 leather armour (worn)
 r - a +1 cloak (worn)
 G - a scarf of repulsion
Jewellery
 l - a ring of positive energy (left hand)
 s - a ring of protection from fire (right hand)
 v - a +3 amulet of reflection (around neck)
 B - an uncursed ring of ice
 H - an uncursed ring of flight
Wands
 C - a wand of polymorph (28)
 E - a wand of enslavement (11)
Scrolls
 k - a scroll of fear
 m - a scroll of identify
 p - 4 scrolls of teleportation
 t - a scroll of fog
 x - 2 scrolls of amnesia
 y - 3 scrolls of blinking
Potions
 h - 2 potions of magic
 i - 2 potions of degeneration {unknown}
 n - a potion of brilliance {unknown}
 u - a potion of mutation {unknown}
 z - a potion of heal wounds {unknown}
 F - a potion of lignification {unknown}
Comestibles
 f - 8 rations


   Skills:
 + Level 4.1 Fighting
 + Level 2.5 Short Blades
 + Level 3.0(3.1) Slings
 + Level 7.2 Bows
 - Level 0.7(2.0) Throwing
 + Level 3.0 Dodging
 - Level 0.4 Stealth


You had 6 spell levels left.
You didn't know any spells.
Your spell library was empty.

Dungeon Overview and Level Annotations

Branches:
Dungeon (5/15)             Temple (0/1) D:4

Altars:
Cheibriados
Dithmenos
Gozag
Makhleb
Trog

Annotations:
D:2 Sigmund
D:4 1 runed door


Innate Abilities, Weirdness & Mutations

You have hooves in place of feet.
Armour fits poorly on your strangely shaped body.
You cover ground very quickly.
You have extremely tough skin. (AC +3)


Message History

The sky beast hits you but does no damage.
You miss the sky beast.
The sky beast is severely wounded.
The sky beast flickers out of sight!
Deactivating autopickup; reactivate with Ctrl-A.
Something hits you but does no damage.
You completely miss something. Your kick misses something. Something hits you.
Something shocks you.
* * * LOW HITPOINT WARNING * * *
You barely miss something. You kick something.
Something hits you but does no damage.
You closely miss something. Something hits you but does no damage.
You barely miss something. Something hits you.
* * * LOW HITPOINT WARNING * * *
Something shocks you.
* * * LOW HITPOINT WARNING * * *
You closely miss something. Something hits you but does no damage.
You miss something. Your kick misses something. Something hits you.
You die...
Your body crumbles into a pile of gold.

.....## $ $ ####... ..
.# # #. ### .# .. ..# #
.# ##. ###.# .# ## ..%
...##.#### #######
#.##[##..........#
......#
#.##..#..........#
#####.#
#.#.....@{.......# # #.#
#.#.#.#.###+##...# # #.#
#.# #.#.#....^...# # #.#
#.# #...........$# # #.#
#.# ##.#.........# #
###'###.# #...#....##.#
#
#.......#.##...#.......#
.
+.......#......#..######
# #.......#####..#..#


There were no monsters in sight!

Vanquished Creatures
  Grinder (D:3)
  An ogre (D:5)
  A howler monkey (D:5)
  A bullfrog zombie (D:5)
  An orc priest (D:3)
  2 orc wizards
  Natasha (D:2)
  2 worker ants
  An adder (D:4)
  An adder zombie (D:5)
  3 worms (D:3)
  A dart slug (D:1)
  4 leopard geckos
  12 orcs
  8 bats
  2 giant cockroaches
  6 goblins
  7 hobgoblins
  4 jackals (D:1)
  A quokka (D:3)
  3 frilled lizards
  A jackal skeleton (D:4)
  13 kobolds
  5 rats
  A fungus (D:4)
83 creatures vanquished.

Notes
Turn   | Place    | Note
-------+----------+-------------------------------------------
     0 | D:1      | corax the Centaur Hunter began the quest for the Orb.
     0 | D:1      | Reached XP level 1. HP: 17/17 MP: 1/1
    57 | D:1      | Reached XP level 2. HP: 19/24 MP: 2/2
   475 | D:1      | Reached XP level 3. HP: 30/30 MP: 3/3
   924 | D:2      | Noticed Natasha
   940 | D:2      | Killed Natasha
  1700 | D:2      | Reached skill level 6 in Bows
  1700 | D:2      | Reached XP level 4. HP: 37/37 MP: 4/4
  1854 | D:2      | Noticed Sigmund
  1898 | D:3      | Found a bloodstained altar of Trog.
  1898 | D:3      | Found a shadowy altar of Dithmenos.
  1911 | D:3      | Found a snail-covered altar of Cheibriados.
  1920 | D:3      | Found a burning altar of Makhleb.
  1920 | D:3      | Found an opulent altar of Gozag.
  1962 | D:3      | Became a worshipper of Gozag Ym Sagoz the Greedy
  2017 | D:3      | Reached skill level 1 in Short Blades
  2329 | D:3      | Noticed Grinder
  2344 | D:3      | Paralysed by Grinder for 7 turns
  2368 | D:3      | Killed Grinder
  2368 | D:3      | Reached XP level 5. HP: 23/45 MP: 5/5
  2368 | D:3      | Reached XP level 6. HP: 26/51 MP: 6/6
  2907 | D:4      | Found a staircase to the Ecumenical Temple.
  3420 | D:4      | Found a runed door.
  3443 | D:5      | Entered Level 5 of the Dungeon
  3483 | D:5      | Reached skill level 7 in Bows
  3495 | D:5      | Reached XP level 7. HP: 11/59 MP: 7/7
  4046 | D:5      | Slain by a sky beast

Vault maps used:
D:1:      dpeg_chamrin_arrival_tetris, minmay_pentomino_p2
D:2:      uniq_natasha, uniq_sigmund
D:3:      grunt_temple_overflow_open, wad_orctagon, uniq_grinder
D:4:      cheibrodos_quashed, minmay_temple_entry_hall, uniq_crazy_yiuf_cottage
D:5:      first_ration

Skill      XL: |  1  2  3  4  5  6  7 |
---------------+----------------------+-----
Dodging        | 2 3 |  3.0
Bows           | 6 7 |  7.2
Short Blades   | 1 2 |  2.5
Fighting       | 3 4 |  4.1
Slings         | 2 3 |  3.0
Throwing       | |  0.7
Stealth        | |  0.4

Action                   |  1- 3 |  4- 6 |  7- 9 || total
-------------------------+-------+-------+-------++-------
Melee: Short sword       |    38 |   100 |    55 ||   193
       Kick              |     6 |    32 |    15 ||    53
       Unarmed           |       |     4 |       ||     4
 Fire: Shortbow          |    81 |    23 |       ||   104
       Hunting sling     |    19 |    94 |       ||   113
Throw: Stone             |     7 |       |       ||     7
  Use: Scroll            |       |    12 |       ||    12
  Eat: Chunk             |       |     2 |       ||     2
       Ration            |       |     1 |     1 ||     2
Armor: Leather armour    |    33 |    23 |    14 ||    70
       Skin              |       |     1 |       ||     1
Dodge: Dodged            |    34 |    51 |    20 ||   105
Block: Other             |     4 |    14 |     5 ||    23
       Reflection        |       |     1 |       ||     1

Table legend:
 A = Non-vault XP
 B = Vault XP
 C = Vault XP percentage of total XP
 D = Non-vault monster count
 E = Vault monster count
 F = Vault count percentage of total count
                 A         B        C        D         E       F
            +---------+---------+-------+---------+---------+-------
      Total |     554 |     335 |  37.7 |      75 |       7 |   8.5
            +---------+---------+-------+---------+---------+-------
        D:1 |      51 |       2 |   3.8 |      28 |       1 |   3.4
        D:2 |      10 |      35 |  77.8 |       8 |       1 |  11.1
        D:3 |     134 |     298 |  69.0 |      26 |       5 |  16.1
        D:4 |      51 |       0 |   0.0 |       5 |       0 |   0.0
        D:5 |     308 |       0 |   0.0 |       8 |       0 |   0.0
            +---------+---------+-------+---------+---------+-------
